 Dungeon Crawl Stone Soup version 0.23.1 (webtiles) character file.

Game seed: 0

805926 Peloso the Minotaur Barricade (level 27, -4/273 HPs)
             Began as a Minotaur Fighter on Mar 16, 2019.
             Was the Champion of Okawaru.
             Killed from afar by a starcursed mass (13 damage)
             ... with an accursed screaming
             ... on level 3 of the Abyss on Mar 17, 2019.
             The game lasted 05:07:33 (83624 turns).

Peloso the Minotaur Barricade (Minotaur Fighter)   Turns: 83624, Time: 05:07:34

Health: -4/273     AC: 37    Str: 42    XL:     27
Magic:  38/38      EV: 13    Int:  6    God:    Okawaru [******]
Gold:   3241       SH: 36    Dex: 20    Spells: 27/27 levels left

rFire    + + +     SeeInvis .   a - +10 double sword "Liodyi Totz" {slice, *Noise *Corrode rC+++ Dex+2}
rCold    + + +     Gourm    .   w - +5 large shield {reflect}
rNeg     . . .     Faith    .   h - +5 crystal plate armour of Vioppot {rF++ MR++ Stlth+}
rPois    +         Spirit   .   J - +2 hat {MR+}
rElec    +         Reflect  +   M - +0 cloak "Xuscheck" {rF+ rC+ MP+9 Str+4}
rCorr    .         Harm     .   E - +1 pair of gloves of Gieteobe {rPois rF+ Str+4 Slay+2}
MR       +++++                  G - +2 pair of boots {run}
Stlth    +.........             B - amulet "Caxzag" {Acrobat rF+ Slay+5}
HPRegen  0.00/turn              Z - ring "Ynuif" {Str+4 Int+4 Dex+4}
MPRegen  0.26/turn              t - ring of Sin {rElec rF+ AC-3 Int-3 Dex+2}

@: non-regenerating, badly diseased, quick
A: retaliatory headbutt, horns 2, clumsy 1, deformed body, low mp 1
}: 4/15 runes: decaying, serpentine, silver, abyssal
a: Heroism, Finesse, Renounce Religion


You were on level 3 of the Abyss.
You worshipped Okawaru.
Okawaru was exalted by your worship.
You were not hungry.

You visited 12 branches of the dungeon, and saw 54 of its levels.
You visited the Abyss 4 times.
You also visited: Trove, Bailey, Ice Cave and Desolation.

You collected 8999 gold pieces.
You spent 5758 gold pieces at shops.

Inventory:

Hand Weapons
 a - the +10 double sword "Liodyi Totz" (weapon) {slice, *Noise *Corrode rC+++ Dex+2}
   (Okawaru gifted it to you in the Desolation of Salt)

   It inflicts extra damage upon your enemies.
   It affects your dexterity (+2).
   It renders you almost immune to cold.
   It may make noises in combat.
   It may corrode you when you take damage.
 u - the +10 falchion of Putrescence {venom, Str+3}
   (You took it off a deep elf sorcerer on level 3 of the Elven Halls)

   It poisons the flesh of those it strikes.
   It affects your strength (+3).
 V - a +2 demon blade of flaming
 W - the +7 demon blade "Bocw" {elec, Dex+6}
   (You found it on level 2 of the Abyss)

   Occasionally, upon striking a foe, it will discharge some electrical energy
   and cause terrible harm.
   It affects your dexterity (+6).
Armour
 h - the +5 crystal plate armour of Vioppot (worn) {rF++ MR++ Stlth+}
   (Okawaru gifted it to you in an ice cave)

   It greatly protects you from fire.
   It affects your resistance to hostile enchantments.
   It makes you more stealthy.
 l - a +2 hat of intelligence
 w - a +5 large shield of reflection (worn)
 E - the +1 pair of gloves of Gieteobe (worn) {rPois rF+ Str+4 Slay+2}
   (You bought it in a shop on level 6 of the Dungeon)

   It affects your strength (+4).
   It affects your accuracy and damage with ranged weapons and melee attacks
   (+2).
   It protects you from fire.
   It protects you from poison.
 G - a +2 pair of boots of running (worn)
 J - a +2 hat of magic resistance (worn)
 M - the +0 cloak "Xuscheck" (worn) {rF+ rC+ MP+9 Str+4}
   (You found it on level 5 of the Vaults)

   It affects your strength (+4).
   It protects you from fire.
   It protects you from cold.
   It affects your magic capacity (+9).
 N - the +0 pair of gloves "Put-Me-On" {+Blink rPois Str+3}
   (Okawaru gifted it to you on level 5 of the Realm of Zot)

   It affects your strength (+3).
   It protects you from poison.
   It lets you blink.
 S - a +2 pair of boots of flying
 X - a +0 shield of protection
Jewellery
 o - an uncursed ring of see invisible
 t - the ring of Sin (right hand) {rElec rF+ AC-3 Int-3 Dex+2}
   (You bought it in a shop on level 2 of the Orcish Mines)

   [ring of protection]

   It affects your AC (-3).
   It affects your intelligence (-3).
   It affects your dexterity (+2).
   It protects you from fire.
   It insulates you from electricity.
 y - an uncursed ring of resist corrosion
 B - the amulet "Caxzag" (around neck) {Acrobat rF+ Slay+5}
   (You bought it in a shop on level 1 of the Snake Pit)

   [amulet of the acrobat]

   It helps you evade while moving and waiting.
   It affects your accuracy and damage with ranged weapons and melee attacks
   (+5).
   It protects you from fire.
 T - a +2 ring of dexterity
 Z - the ring "Ynuif" (left hand) {Str+4 Int+4 Dex+4}
   (You took it off a deep elf death mage on level 3 of the Elven Halls)

   [ring of strength]

   It affects your strength (+4).
   It affects your intelligence (+4).
   It affects your dexterity (+4).
Wands
 b - a wand of flame (33)
 m - a wand of digging (8)
 x - a wand of random effects (31)
 U - a wand of scattershot (12)
Scrolls
 c - 3 scrolls of enchant armour
 e - 20 scrolls of teleportation
 j - 14 scrolls of remove curse
 z - 9 scrolls of noise
 A - 28 scrolls of identify
 D - 2 scrolls of fog
 F - 6 scrolls of blinking
 K - 9 scrolls of fear
 L - 4 scrolls of magic mapping
 P - a scroll of brand weapon
 Q - a scroll of silence
 R - 2 scrolls of amnesia
Potions
 d - 14 potions of might
 k - 13 potions of agility
 p - 15 potions of curing
 q - a potion of flight
 r - 2 potions of resistance
 s - 4 potions of heal wounds
 v - 8 potions of mutation
 H - 4 potions of haste
 I - 2 potions of berserk rage
 O - a potion of ambrosia
Miscellaneous
 i - a phial of floods
 n - a phial of floods
 C - a phantom mirror
Comestibles
 f - 89 rations


   Skills:
 O Level 27 Fighting
 O Level 27 Long Blades
 + Level 1.0 Throwing
 O Level 27 Armour
 + Level 5.0 Dodging
 + Level 16.9 Stealth
 O Level 27 Shields
 + Level 7.4 Unarmed Combat
 + Level 0.5 Spellcasting
 + Level 12.8 Invocations
 + Level 14.9 Evocations


You had 27 spell levels left.
You didn't know any spells.
Your spell library contained the following spells:

 Spells                   Type           Power        Failure   Level  Hunger
 Apportation              Tloc           #.....       85%         1    ##.....
 Beastly Appendage        Tmut           #.....       85%         1    ##.....
 Corona                   Hex            #......      85%         1    ##.....
 Infusion                 Chrm           #...         85%         1    ##.....
 Magic Dart               Conj           #...         85%         1    ##.....
 Sandblast                Erth           #.....       85%         1    ##.....
 Sting                    Conj/Pois      #...         85%         1    ##.....
 Summon Butterflies       Summ           #.......     85%         1    ##.....
 Summon Small Mammal      Summ           #...         85%         1    ##.....
 Blink                    Tloc           N/A          94%         2    ###....
 Call Imp                 Summ           #.......     94%         2    ###....
 Corpse Rot               Necr           N/A          94%         2    ###....
 Ensorcelled Hibernation  Hex/Ice        #.....       94%         2    ###....
 Passwall                 Tmut/Erth      #.......     94%         2    ###....
 Poisonous Vapours        Pois/Air       #.....       94%         2    ###....
 Searing Ray              Conj           #.....       94%         2    ###....
 Shroud of Golubria       Chrm/Tloc      #.........   94%         2    ###....
 Slow                     Hex            #.......     94%         2    ###....
 Song of Slaying          Chrm           #.......     94%         2    ###....
 Sticks to Snakes         Tmut           #.......     94%         2    ###....
 Sublimation of Blood     Necr           #.........   94%         2    ###....
 Swiftness                Chrm/Air       #.......     94%         2    ###....
 Throw Flame              Conj/Fire      #.....       94%         2    ###....
 Call Canine Familiar     Summ           #.......     99%         3    ####...
 Confuse                  Hex            #.......     99%         3    ####...
 Conjure Flame            Conj/Fire      #.......     99%         3    ####...
 Dazzling Spray           Conj/Hex       #.....       99%         3    ####...
 Gell's Gravitas          Tloc           #.........   99%         3    ####...
 Ignite Poison            Fire/Tmut/Pois #.......     99%         3    ####...
 Inner Flame              Hex/Fire       #.......     99%         3    ####...
 Lesser Beckoning         Tloc           #.........   99%         3    ####...
 Mephitic Cloud           Conj/Pois/Air  #.......     99%         3    ####...
 Ozocubu's Armour         Chrm/Ice       #.......     99%         3    ####...
 Portal Projectile        Hex/Tloc       #.....       99%         3    ####...
 Regeneration             Chrm/Necr      #.........   99%         3    ####...
 Spectral Weapon          Hex/Chrm       #.......     99%         3    ####...
 Spider Form              Tmut/Pois      #.........   99%         3    ####...
 Static Discharge         Conj/Air       #.......     99%         3    ####...
 Stone Arrow              Conj/Erth      #.....       99%         3    ####...
 Summon Guardian Golem    Hex/Summ       #.......     99%         3    ####...
 Teleport Other           Tloc           #.......     99%         3    ####...
 Tukima's Dance           Hex            #.......     99%         3    ####...
 Airstrike                Air            #.........   100%        4    #####..
 Cause Fear               Hex            #.........   100%        4    #####..
 Force Lance              Conj/Tloc      #.......     100%        4    #####..
 Fulminant Prism          Conj/Hex       #.........   100%        4    #####..
 Ice Form                 Ice/Tmut       #.......     100%        4    #####..
 Iskenderun's Mystic Bla  Conj           #.......     100%        4    #####..
 Leda's Liquefaction      Hex/Erth       #.........   100%        4    #####..
 Olgreb's Toxic Radiance  Pois           #.......     100%        4    #####..
 Passage of Golubria      Tloc           N/A          100%        4    #####..
 Petrify                  Tmut/Erth      #.......     100%        4    #####..
 Summon Ice Beast         Ice/Summ       #.......     100%        4    #####..
 Summon Lightning Spire   Summ/Air       #.......     100%        4    #####..
 Agony                    Necr           #.......     100%        5    ######.
 Alistair's Intoxication  Tmut/Pois      #.......     100%        5    ######.
 Blade Hands              Tmut           #.........   100%        5    ######.
 Bolt of Magma            Conj/Fire/Erth #.........   100%        5    ######.
 Borgnjor's Vile Clutch   Necr/Erth      #.........   100%        5    ######.
 Excruciating Wounds      Chrm/Necr      #.........   100%        5    ######.
 Fireball                 Conj/Fire      #.........   100%        5    ######.
 Irradiate                Conj/Tmut      #.........   100%        5    ######.
 Iskenderun's Battlesphe  Conj/Chrm      #.......     100%        5    ######.
 Lee's Rapid Deconstruct  Erth           #.........   100%        5    ######.
 Lightning Bolt           Conj/Air       #.........   100%        5    ######.
 Silence                  Hex/Air        #.........   100%        5    ######.
 Summon Forest            Summ/Tloc      #.........   100%        5    ######.
 Summon Mana Viper        Hex/Summ       #.......     100%        5    ######.
 Venom Bolt               Conj/Pois      #.........   100%        5    ######.
 Yara's Violent Unravell  Hex/Tmut       #.........   100%        5    ######.
 Bolt of Fire             Conj/Fire      #.........   100%        6    #######
 Conjure Ball Lightning   Conj/Air       #.........   100%        6    #######
 Darkness                 Hex            #.........   100%        6    #######
 Deflect Missiles         Chrm/Air       #.........   100%        6    #######
 Dispersal                Tloc           #.........   100%        6    #######
 Freezing Cloud           Conj/Ice/Air   #.........   100%        6    #######
 Hydra Form               Tmut           #.........   100%        6    #######
 Invisibility             Hex            #.......     100%        6    #######
 Iron Shot                Conj/Erth      #.........   100%        6    #######
 Poison Arrow             Conj/Pois      #.........   100%        6    #######
 Shadow Creatures         Summ           N/A          100%        6    #######
 Statue Form              Tmut/Erth      #........    100%        6    #######
 Haunt                    Necr/Summ      #.........   100%        7    #######
 Malign Gateway           Summ/Tloc      #.........   100%        7    #######
 Ring of Flames           Chrm/Fire      #.........   100%        7    #######
 Summon Hydra             Summ           #.........   100%        7    #######
 Borgnjor's Revivificati  Necr           #.........   100%        8    #######
 Chain Lightning          Conj/Air       #.........   100%        8    #######
 Controlled Blink         Tloc           N/A          100%        8    #######
 Death's Door             Chrm/Necr      #.........   100%        8    #######
 Discord                  Hex            #.........   100%        8    #######
 Disjunction              Tloc           #.........   100%        8    #######
 Ignition                 Fire           #.........   100%        8    #######
 Infestation              Necr           #.........   100%        8    #######
 Lehudib's Crystal Spear  Conj/Erth      #.........   100%        8    #######
 Necromutation            Tmut/Necr      #.........   100%        8    #######
 Fire Storm               Conj/Fire      #.........   100%        9    #######
 Glaciate                 Conj/Ice       #.........   100%        9    #######
 Shatter                  Erth           #.........   100%        9    #######
 Tornado                  Air            #.........   100%        9    #######


Dungeon Overview and Level Annotations

Branches:
Dungeon (15/15)            Temple (1/1) D:5            Lair (6/6) D:11
  Swamp (4/4) Lair:4        Snake (4/4) Lair:3        Slime (0/5) Lair:5
    Orc (2/2) D:12            Elf (3/3) Orc:2        Vaults (5/5) D:14
  Crypt (3/3) Vaults:2       Tomb (0/3) Crypt:3      Depths (5/5) D:15
   Hell (1/1)                 Dis (0/7) Hell            Geh (0/7) Hell
    Coc (0/7) Hell            Tar (0/7) Hell            Zot (5/5) Depths:5

Altars:
Dithmenos
Elyvilon
Gozag
Kikubaaqudgha
Okawaru
Qazlal
Sif Muna
Trog
Uskayaw
Vehumet
Xom
Yredelemnul
The Shining One

Shops:
D:6 [   Orc:2 *!?*=(*[[   Elf:1 :   Elf:2 [   Snake:1 =}=   Vaults:1 =
Vaults:4 }   Zot:3 *   Depths:1 %

Portals:
Hell: Depths:1 Depths:2 Depths:3 Depths:4 Depths:5
Abyss: Depths:4
Pandemonium: Depths:1 Depths:3
Ziggurat: Depths:1


Innate Abilities, Weirdness & Mutations

You reflexively headbutt those who attack you in melee.
You have a pair of horns on your head.
You are clumsy. (Dex -2)
Armour fits poorly on your strangely shaped body.
Your magical capacity is low. (-10% MP)


Message History

You slash the starcursed mass!
The starcursed mass is heavily damaged.
The starcursed mass shudders and is absorbed by its neighbour.
A deafening chorus of shrieks assaults your mind!
* * * LOW HITPOINT WARNING * * *
The white imp gestures at you.
Your +5 large shield of reflection reflects the puff of frost!
The puff of frost hits the white imp.
The white imp completely resists.
You slice the starcursed mass like a ripe choko!!!
You destroy the starcursed mass!
Okawaru accepts your kill.
A starcursed mass splits. x2
Unknown command.
A starcursed mass splits.
You block the starcursed mass's attack.
Unknown command.
You slice the starcursed mass like a ripe choko!!!
You destroy the starcursed mass!
Okawaru accepts your kill.
A deafening chorus of shrieks assaults your mind!
You die...

.. . #...#..
#.###.# ..#...#
#.#...#.#...#.#.
.....$..........
........5.....÷.
..............÷.
#.....X...#....
#...XX@XX5...#.
#......#÷....#.
. #......#
....#. )
#......# ...#..
#....>.# ..#.#.#
#......# .#. . .
. #......# # .
.. .......>X####
# .. . .
.......... ). ..
. .


You could see 6 starcursed masses, a quasit and a white imp.

Vanquished Creatures
  4 orbs of fire
  Mara (Depths:1)
  4 juggernauts
  4 ancient liches
  The ghost of Artagas the Bludgeoner, a veteran DgWn (Zot:5)
  The ghost of coldbreeze the Wrestler, a master CeGl of Hepliaklqana (Zot:3)
  Boris (Crypt:3)
  6 Killer Klowns
  Bai Suzhen (Elf:3)
  Saint Roka (Orc:2)
  4 curse toes
  Xtahua (Vaults:3)
  The ghost of mantisjm the Hoplite, a veteran HOFi of Qazlal (Vaults:2)
  Geryon (Hell)
  A caustic shrike (Depths:3)
  12 golden dragons
  A shard shrike zombie (Crypt:3)
  A profane servitor (Abyss:3)
  5 bone dragons
  3 electric golems
  A hellephant (Abyss:3)
  Jorgrun (Elf:2)
  Rupert (Lair:5)
  14 tentacled monstrosities
  25 Orb Guardians (Zot:5)
  Asterion (Elf:2)
  3 deep elf blademasters
  10 titans
  4 liches
  8 quicksilver dragons
  7 death cobs
  10 tentacled starspawn
  Murray (Hell)
  An Executioner (Abyss:3)
  6 sphinxes
  13 storm dragons
  A shadow dragon (shapeshifter) (Vaults:4)
  Frances (Swamp:1)
  5 thorn hunters
  4 tengu reavers
  7 nagarajas (Snake:4)
  5 ancient champions
  Agnes (Elf:2)
  19 shadow dragons
  3 draconian monks
  Donald (Snake:1)
  4 revenants
  Roxanne (Swamp:3)
  10 fire giants
  2 daevas (Abyss:3)
  17 frost giants
  6 draconian scorchers
  5 iron dragons
  2 ghost moths (shapeshifter)
  4 imperial myrmidons (Desolation)
  3 cacodemons
  3 balrugs
  A ghost moth (Zot:4)
  13 vault wardens
  7 deep elf sorcerers
  2 draconian shifters (Zot:2)
  5 draconian knights
  An orc warlord (Orc:2)
  2 curse skulls (Crypt:3)
  Louise (Elf:2)
  4 draconian annihilators
  17 ironheart preservers
  3 deep elf elementalists (Elf:3)
  13 ghouls
  5 draconian stormcallers
  The ghost of LostNumber the Grappler, a journeyman OgTm of Ru (Lair:6)
  An ophan (Abyss:1)
  A juggernaut skeleton (Crypt:2)
  4 vampire knights
  22 very ugly things
  9 reapers
  2 war gargoyles (Hell)
  An entropy weaver (Vaults:5)
  23 stone giants
  Nessos (Orc:2)
  12 deep elf demonologists
  The ghost of Peloso the Carver, a journeyman MiFi of Okawaru (Lair:3)
  10 green draconians
  5 yellow draconians
  5 deep elf annihilators
  9 black draconians
  5 lorocyprocas
  10 white draconians
  12 red draconians
  7 eidola
  16 purple draconians
  2 halazid warlocks (Desolation)
  8 spark wasps
  4 blizzard demons
  2 merfolk javelineers (Depths:3)
  11 ettins
  2 crystal guardians (Abyss:4)
  14 deep elf death magi
  A merfolk impaler (Depths:3)
  A green death (Abyss:1)
  A quicksilver dragon zombie (Depths:1)
  20 ogre magi
  4 deep elf high priests
  12 great orbs of eyes
  6 ragged hierophants (Desolation)
  15 fire dragons
  The ghost of cada the Carver, a journeyman OpFi of Cheibriados (Orc:1)
  10 yaktaur captains
  Harold (D:9)
  27 hydras
  9 servants of whispers (Desolation)
  21 naga warriors
  33 vault guards
  8 peacekeepers (Desolation)
  7 spriggan air magi
  A merfolk avatar (Lair:6)
  4 shambling mangroves
  A hell beast (Depths:2)
  9 rakshasas
  15 centaur warriors
  A catoblepas (D:13)
  9 anacondas
  A spectral sphinx (Vaults:2)
  19 ice dragons
  5 death knights
  3 spectral fire giants (Vaults:2)
  A spectral stone giant (Vaults:2)
  52 two-headed ogres
  8 tengu warriors
  34 dancing weapons
  9 vampire magi
  6 deep troll shamans
  A death yak (shapeshifter) (Vaults:4)
  9 deep troll earth magi
  A death yak (IceCv)
  18 alligators
  2 queen ants (shapeshifter) (Abyss:4)
  7 spriggan berserkers
  2 orc high priests (Elf:3)
  5 shock serpents
  20 thrashing horrors
  23 deep elf knights
  17 naga sharpshooters
  3 iron trolls (Depths:4)
  7 sun demons
  4 iron golems (Hell)
  19 hell knights
  8 soul eaters
  3 shadow wraiths
  14 wretched stars
  A spectral yaktaur (Vaults:2)
  A death drake (Abyss:1)
  A sea snake (Lair:6)
  A titan skeleton (Abyss:1)
  10 sixfirhies
  4 spriggan druids
  18 skeletal warriors
  4 spatial maelstroms
  5 salamander mystics
  A storm dragon skeleton (Abyss:3)
  2 wizards
  An anaconda zombie (Hell)
  20 deep trolls
  12 unseen horrors
  A golden dragon zombie (Depths:1)
  6 glowing orange brains
  A ghost moth zombie (Crypt:2)
  An infernal demonspawn (Depths:1)
  6 flayed ghosts
  A kraken simulacrum (Hell)
  19 deep elf archers
  10 naga ritualists
  16 orc knights
  Pikel (D:9)
  8 harpies
  15 swamp dragons
  An obsidian statue (Zot:3)
  15 ironbrand convokers
  6 necromancers
  8 lindwurms
  A golden dragon skeleton (Crypt:2)
  5 mana vipers
  9 wolf spiders
  A spectral elf (Vaults:2)
  12 phantasmal warriors
  A shadow dragon skeleton (Crypt:3)
  A mana viper (shapeshifter) (Vaults:4)
  5 orc sorcerers
  3 oklob plants (Lair:5)
  38 ugly things
  83 deep elf magi
  7 cyclopes
  19 moths of wrath
  10 worldbinders
  An elephant (shapeshifter) (Vaults:3)
  A manticore (Lair:6)
  12 elephants
  Maurice (D:12)
  18 salamanders
  10 guardian serpents
  31 naga magi
  A frost giant skeleton (Crypt:1)
  9 rust devils
  14 vault sentinels
  A molten gargoyle (Hell)
  13 smoke demons
  5 apocalypse crabs
  Joseph (D:9)
  2 guardian serpents (shapeshifter) (Abyss:4)
  38 black mambas
  Psyche (D:9)
  5 orange demons
  A gargoyle (D:10)
  3 ice statues
  18 spiny frogs
  A demonic crawler (Abyss:4)
  A hellion (Depths:1)
  2 yaktaurs (shapeshifter)
  A yellow draconian zombie (Crypt:1)
  A pale draconian zombie (Crypt:3)
  4 hellwings
  A kobold demonologist (D:14)
  11 rime drakes
  58 yaktaurs
  6 ice devils
  A spectral deep troll (Vaults:2)
  4 efreet
  8 freezing wraiths
  11 komodo dragons
  6 tengu conjurers
  2 trolls (shapeshifter)
  14 ancient zymes
  10 red devils
  A golden dragon simulacrum (Abyss:2)
  3 meliai (Lair:4)
  A merfolk (D:10)
  3 hydra zombies
  A catoblepas skeleton (Crypt:1)
  2 queen bees
  Grinder (D:5)
  A harpy skeleton (Abyss:3)
  15 trolls
  10 tyrant leeches
  48 slime creatures
  2 polar bears (shapeshifter)
  A raiju (shapeshifter) (D:14)
  A hornet (shapeshifter) (Vaults:2)
  A death drake zombie (Crypt:2)
  18 polar bears
  A meliai (shapeshifter) (Depths:4)
  A shadow dragon simulacrum (Abyss:3)
  A wind drake (Lair:6)
  A wolf spider simulacrum (Abyss:2)
  61 saltlings
  17 hornets
  7 bog bodies
  A snapping turtle (shapeshifter) (Vaults:1)
  14 blink frogs
  A fire giant simulacrum (Depths:1)
  41 raiju
  2 alligator zombies (Hell)
  2 iron dragon simulacra
  6 hippogriffs
  A stone giant simulacrum (Vaults:1)
  A hippogriff (shapeshifter) (Abyss:2)
  A fire dragon zombie (Abyss:1)
  A dream sheep (shapeshifter) (Depths:3)
  2 vampires (D:13)
  2 flying skulls (Crypt:3)
  13 spriggans
  20 water elementals
  12 ynoxinuls
  4 air elementals
  59 large abominations
  10 wraiths
  5 fire bats
  8 wyverns
  3 shadows
  Grum (D:9)
  5 basilisks
  A golden eye (Abyss:3)
  12 neqoxecs
  17 fire elementals
  49 yaks
  A black mamba skeleton (Crypt:1)
  11 chaos spawn
  6 hungry ghosts
  12 vampire mosquitoes
  10 wargs
  3 human simulacra (Vaults:2)
  4 spatial vortices
  20 insubstantial wisps
  33 nagas
  2 soldier ants
  A water nymph zombie (Crypt:3)
  13 swamp worms
  2 spiny frog zombies
  An acid dragon (D:15)
  11 water moccasins
  Duvessa (D:7)
  2 hell hounds
  2 floating eyes (Depths:3)
  40 orc warriors
  35 small abominations
  6 porcupines
  A spiny frog skeleton (Abyss:2)
  3 ice beasts
  13 swamp drakes
  A sky beast (D:7)
  67 starcursed masses
  A black bear (D:6)
  3 eyes of draining
  9 necrophages
  64 ogres
  22 wolves
  2 phantoms
  18 boggarts
  18 centaurs
  A swamp dragon zombie (Crypt:1)
  2 swamp dragon skeletons
  9 crocodiles
  2 manticore skeletons
  2 big kobolds
  Blork the orc (D:4)
  14 bullfrogs
  A wyvern zombie (D:12)
  3 earth elementals
  A spiny frog simulacrum (Hell)
  Dowan (D:7)
  A glowing shapeshifter simulacrum (Vaults:2)
  A hornet simulacrum (D:15)
  A wyvern skeleton (D:6)
  5 scorpions
  8 wights
  62 killer bees
  A troll skeleton (Crypt:3)
  6 howler monkeys
  A bullfrog zombie (D:9)
  8 crimson imps
  2 bullfrog skeletons
  3 centaur zombies
  7 hounds
  4 jellies
  A wolf skeleton (Crypt:2)
  2 quasits
  A gnoll shaman (D:8)
  25 orc priests
  5 iron imps
  6 centaur skeletons
  25 orc wizards
  5 iguanas
  11 worker ants
  A naga zombie (Crypt:1)
  A deep dwarf skeleton (Crypt:1)
  A hound zombie (D:10)
  4 hound skeletons
  A howler monkey zombie (D:6)
  24 gnolls
  14 adders
  2 shadow imps
  13 white imps
  3 ufetubi
  2 oozes
  An adder skeleton (D:6)
  An adder zombie (Crypt:2)
  A halfling skeleton (Crypt:2)
  An iguana skeleton (Crypt:1)
  A worm (D:2)
  A dart slug (D:2)
  7 leopard geckos
  124 orcs
  4 giant cockroaches
  20 goblins
  19 hobgoblins
  8 jackals
  7 quokkas
  11 bats
  A dart slug zombie (Crypt:2)
  3 frilled lizards
  A jackal skeleton (Crypt:1)
  24 kobolds
  A kobold zombie (Crypt:2)
  3 quokka zombies
  3 rats (D:2)
  A briar patch (Swamp:4)
  3 bushes (Lair:5)
  A fungus (Lair:1)
  3 lurking horrors
  6 starspawn tentacles
3255 creatures vanquished.

Vanquished Creatures (others)
  2 deep elf master archers (Elf:3)
  An eldritch tentacle (Zot:5)
  6 stone giants
  3 yaktaur captains
  A hydra (Swamp:4)
  3 centaur warriors (Depths:3)
  A tengu warrior (Depths:2)
  A dancing weapon (Elf:1)
  2 deep elf knights
  5 deep elf archers
  2 deep elf magi
  2 cyclopes
  A naga mage (Snake:4)
  17 yaktaurs
  A raiju (Abyss:2)
  A saltling (Desolation)
  A fire bat (Depths:1)
  2 slaves (D:9)
  An orc warrior (Orc:2)
  2 orcs
  2 kobolds
  A briar patch (Swamp:4)
  A bush (Snake:1)
  5 fungi
  3 lurking horrors
  10 plants (Lair:6)
  22 starspawn tentacles
  9 tentacles (Hell)
108 creatures vanquished.

Grand Total: 3363 creatures vanquished

Notes
Turn   | Place    | Note
-------+----------+-------------------------------------------
     0 | D:1      | Peloso the Minotaur Fighter began the quest for the Orb.
     0 | D:1      | Reached XP level 1. HP: 19/19 MP: 0/0
   568 | D:2      | Reached XP level 2. HP: 24/27 MP: 1/1
   616 | D:2      | Reached XP level 3. HP: 29/33 MP: 2/2
   899 | D:2      | Found a bloodstained altar of Trog.
  1032 | D:2      | Reached XP level 4. HP: 41/41 MP: 3/3
  1972 | D:4      | Noticed Blork the orc
  1981 | D:4      | Killed Blork the orc
  1981 | D:4      | Reached XP level 5. HP: 37/47 MP: 4/4
  2084 | D:4      | Reached skill level 5 in Armour
  2113 | D:4      | Reached skill level 1 in Dodging
  2562 | D:4      | Reached skill level 5 in Shields
  2562 | D:4      | Reached XP level 6. HP: 50/53 MP: 5/5
  2899 | D:5      | Entered Level 5 of the Dungeon
  2899 | D:5      | Found a staircase to the Ecumenical Temple.
  2911 | Temple   | Entered the Ecumenical Temple
  2924 | Temple   | Became a worshipper of Warmaster Okawaru
  2985 | D:5      | Reached XP level 7. HP: 52/60 MP: 6/6
  3043 | D:5      | Reached skill level 5 in Long Blades
  3260 | D:5      | Reached * piety under Okawaru
  3290 | D:5      | Noticed Grinder
  3297 | D:5      | Paralysed by Grinder for 2 turns
  3314 | D:5      | Killed Grinder
  3314 | D:5      | Reached skill level 5 in Fighting
  3721 | D:6      | Found Niwon's Armour Boutique.
  3760 | D:6      | Reached XP level 8. HP: 65/69 MP: 7/7
  3911 | D:6      | Reached ** piety under Okawaru
  3930 | D:6      | Got a slimy copper ring
  4078 | D:6      | Identified the ring of Symmetry {*Contam rC+ rN+ Str+3}
                  | (You found it on level 6 of the Dungeon)
  4582 | D:7      | Found a bloodstained altar of Trog.
  4661 | D:7      | Noticed a hippogriff
  4669 | D:7      | Killed a hippogriff
  4686 | D:7      | Noticed Duvessa
  4687 | D:7      | Noticed Dowan
  4692 | D:7      | Killed Duvessa
  4703 | D:7      | Killed Dowan
  4703 | D:7      | Reached XP level 9. HP: 75/75 MP: 8/8
  4808 | D:7      | Found a shimmering altar of Xom.
  5878 | D:8      | Noticed a two-headed ogre
  5894 | D:8      | Killed a two-headed ogre
  5894 | D:8      | Reached *** piety under Okawaru
  6234 | D:6      | Bought the +1 pair of gloves of Gieteobe {rPois rF+ Str+4
                  | Slay+2} for 534 gold pieces
  6486 | D:8      | Reached skill level 10 in Shields
  7114 | D:8      | Reached **** piety under Okawaru
  7300 | D:9      | Reached XP level 10. HP: 78/86 MP: 9/9
  7404 | D:9      | Noticed Pikel
  7412 | D:9      | Killed Pikel
  7412 | D:9      | Reached skill level 10 in Long Blades
  7428 | D:9      | Noticed Grum
  7441 | D:9      | Killed Grum
  7523 | D:9      | Noticed Joseph
  7536 | D:9      | Killed Joseph
  7761 | D:9      | Reached ***** piety under Okawaru
  7778 | D:9      | Noticed Harold
  7791 | D:9      | Killed Harold
  7823 | D:9      | Noticed Psyche
  8091 | D:9      | Killed Psyche
  8250 | D:10     | Entered Level 10 of the Dungeon
  8329 | D:10     | Found a flagged portal.
  8348 | Bailey   | Entered a bailey
  8565 | Bailey   | Noticed an orc knight
  8674 | Bailey   | Killed an orc knight
  8674 | Bailey   | Received a gift from Okawaru
  8674 | Bailey   | Reached XP level 11. HP: 33/95 MP: 10/10
  9285 | D:10     | You fall through a shaft!
  9583 | D:11     | Noticed a wizard
  9594 | D:11     | Killed a wizard
  9770 | D:11     | Found a staircase to the Lair.
 10037 | D:11     | Reached ****** piety under Okawaru
 10050 | D:11     | Received a gift from Okawaru
 10594 | D:10     | Reached skill level 10 in Armour
 10653 | D:12     | You fall through a shaft!
 10686 | D:13     | Reached skill level 10 in Fighting
 10876 | D:13     | Reached XP level 12. HP: 101/107 MP: 11/11
 10879 | D:13     | Noticed a catoblepas
 10901 | D:13     | Killed a catoblepas
 11218 | D:13     | Noticed a six-headed hydra
 11747 | D:12     | Noticed Maurice
 11757 | D:12     | Killed Maurice
 12070 | D:12     | Found a staircase to the Orcish Mines.
 12354 | Lair:1   | Entered Level 1 of the Lair of Beasts
 12362 | Lair:1   | You fall through a shaft!
 12999 | Lair:1   | Received a gift from Okawaru
 13193 | Lair:1   | Noticed a four-headed hydra
 13209 | Lair:1   | Killed a nine-headed hydra
 13250 | Lair:1   | Noticed a seven-headed hydra
 13263 | Lair:1   | Killed an 11-headed hydra
 13489 | Lair:2   | Noticed a seven-headed hydra
 13495 | Lair:2   | Killed a ten-headed hydra
 13495 | Lair:2   | Reached skill level 1 in Invocations
 14343 | Lair:3   | Found a transporter.
 14352 | Lair:3   | Noticed Peloso's ghost (journeyman MiFi)
 14353 | Lair:3   | Found a transporter.
 14508 | Lair:3   | Found a staircase to the Snake Pit.
 15200 | Lair:4   | Received a gift from Okawaru
 15223 | Lair:4   | Found a staircase to the Swamp.
 15328 | Lair:4   | Noticed a six-headed hydra
 15334 | Lair:4   | Killed an eight-headed hydra
 15334 | Lair:4   | Reached XP level 13. HP: 116/116 MP: 10/13
 16121 | Lair:4   | Reached skill level 1 in Stealth
 16153 | Lair:4   | Received a gift from Okawaru
 16425 | Lair:4   | Reached skill level 15 in Shields
 16746 | Lair:5   | Found a staircase to the Slime Pits.
 16961 | Lair:5   | Reached skill level 15 in Long Blades
 17270 | Lair:5   | Received a gift from Okawaru
 17490 | Lair:5   | Noticed Rupert
 17498 | Lair:5   | Killed Rupert
 17853 | Lair:6   | Entered Level 6 of the Lair of Beasts
 18050 | Lair:6   | Reached XP level 14. HP: 120/129 MP: 11/14
 18106 | Lair:6   | Noticed LostNumber's ghost (journeyman OgTm)
 18107 | Lair:6   | Found a runed translucent door.
 18529 | Lair:6   | Got a sparkling ivory amulet
 18531 | Lair:6   | Identified the amulet of Afoal {RegenMP rC+ rN+ Int+3
                  | Stlth-} (You found it on level 6 of the Lair of Beasts)
 18668 | Lair:6   | Received a gift from Okawaru
 19107 | Lair:6   | Killed LostNumber's ghost
 19373 | Lair:3   | Killed Peloso's ghost
 19729 | D:13     | Received a gift from Okawaru
 19746 | D:13     | Got a scorched scimitar {god gift}
 19747 | D:13     | Identified the +8 scimitar of Zurylur {drain, *Rage rN+
                  | Int+3 Stlth+} (Okawaru gifted it to you on level 13 of the
                  | Dungeon)
 21076 | D:14     | Found a gate to the Vaults.
 21440 | D:15     | Entered Level 15 of the Dungeon
 21455 | D:15     | Found a frozen archway.
 21479 | IceCv    | Entered an ice cave
 21564 | IceCv    | Received a gift from Okawaru
 21587 | IceCv    | Got a distressingly furry crystal plate armour {god gift}
 21598 | IceCv    | Identified the +5 crystal plate armour of Vioppot {rF++
                  | MR++ Stlth+} (Okawaru gifted it to you in an ice cave)
 21645 | IceCv    | Reached XP level 15. HP: 128/139 MP: 16/16
 21873 | IceCv    | Noticed a frost giant
 21879 | IceCv    | Killed a frost giant
 21879 | IceCv    | Reached skill level 15 in Fighting
 21921 | IceCv    | Got a smoking broad axe
 22614 | D:15     | Found a staircase to the Depths.
 22631 | D:15     | Received a gift from Okawaru
 23225 | D:15     | Found a deep blue altar of Sif Muna.
 23426 | Orc:1    | Entered Level 1 of the Orcish Mines
 23512 | Orc:1    | Received a gift from Okawaru
 23552 | Orc:1    | You fall through a shaft!
 23552 | Orc:2    | Entered Level 2 of the Orcish Mines
 23552 | Orc:2    | Found Hawuf's Distillery.
 23552 | Orc:2    | Found Qer Own's Assorted Antiques.
 23560 | Orc:2    | Noticed Nessos
 23583 | Orc:2    | Killed Nessos
 23596 | Orc:2    | Found Gaujefash's Weapon Emporium.
 23881 | Orc:2    | Found Qenuddeo's Jewellery Shoppe.
 23979 | Orc:2    | Found Eklie's Magic Scroll Emporium.
 24066 | Orc:2    | Found Buowuit's General Store.
 24076 | Orc:2    | Bought a potion of might for 56 gold pieces
 24076 | Orc:2    | Bought a potion of might for 56 gold pieces
 24076 | Orc:2    | Bought a potion of might for 56 gold pieces
 24087 | Orc:2    | Bought a scroll of acquirement for 728 gold pieces
 24092 | Orc:2    | Bought a scroll of magic mapping for 45 gold pieces
 24092 | Orc:2    | Bought a scroll of enchant weapon for 97 gold pieces
 24092 | Orc:2    | Bought a scroll of identify for 26 gold pieces
 24092 | Orc:2    | Bought a scroll of identify for 26 gold pieces
 24092 | Orc:2    | Bought a scroll of identify for 26 gold pieces
 24095 | Orc:2    | Identified the +5 broad axe "Futoa" {chop, Dex+6} (You
                  | found it in an ice cave)
 24154 | Orc:2    | Reached XP level 16. HP: 151/151 MP: 17/17
 24232 | Orc:2    | Found Teluemeg's Assorted Antiques.
 24261 | Orc:2    | Noticed Saint Roka
 24266 | Orc:2    | Received a gift from Okawaru
 24271 | Orc:2    | Found Edawael's Antique Armour Shoppe.
 24588 | Orc:2    | Killed Saint Roka
 24598 | Orc:2    | Got a dazzling hat {god gift}
 24604 | Orc:2    | Identified the +2 hat of Okawaru's Anger {Int+4} (Okawaru
                  | gifted it to you on level 2 of the Orcish Mines)
 24610 | Orc:2    | Bought a translucent jade ring for 190 gold pieces
 24610 | Orc:2    | Bought a pair of faintly humming boots for 361 gold pieces
 24617 | Orc:2    | Identified the cursed -3 pair of boots of the Voivode {rC+
                  | Dex+2} (You bought it in a shop on level 2 of the Orcish
                  | Mines)
 24617 | Orc:2    | Identified the cursed ring of Sin {rElec rF+ AC-3 Int-3
                  | Dex+2} (You bought it in a shop on level 2 of the Orcish
                  | Mines)
 24708 | Orc:2    | Found a staircase to the Elven Halls.
 24739 | Orc:2    | Bought a jewelled chain mail for 351 gold pieces
 24752 | Orc:2    | Identified the +1 chain mail of the Solstice {rF+ rCorr
                  | Dex+6} (You bought it in a shop on level 2 of the Orcish
                  | Mines)
 24767 | Orc:2    | Found Allumeha's Antique Armour Boutique.
 24777 | Orc:2    | Bought a pair of polished boots for 247 gold pieces
 24789 | Orc:2    | Identified the +1 pair of boots of Tulips {Str+3 Stlth+}
                  | (You bought it in a shop on level 2 of the Orcish Mines)
 25679 | Orc:1    | Found a runed translucent door.
 25679 | Orc:1    | Found a shimmering altar of Xom.
 25679 | Orc:1    | Noticed cada's ghost (journeyman OpFi)
 25693 | Orc:1    | Killed cada's ghost
 26376 | Elf:1    | Entered Level 1 of the Elven Halls
 26641 | Elf:1    | You fall through a shaft!
 26740 | Elf:2    | Found a ruined gateway.
 26770 | Elf:2    | Noticed Asterion
 26780 | Elf:2    | Noticed Agnes
 26792 | Elf:2    | HP: 6/152 [demonic crawler[a deep elf mage] (6)]
 26800 | Elf:2    | HP: 6/152 [Asterion/+4 morningstar of crushing (22)]
 26805 | Elf:2    | HP: 7/152 [demonic crawler[a deep elf mage] (2)]
 26805 | Elf:2    | HP: 1/152 [hell rat[a deep elf mage] (6)]
 27264 | Elf:2    | Killed Asterion
 27264 | Elf:2    | Received a gift from Okawaru
 27287 | Elf:2    | Killed Agnes
 27287 | Elf:2    | Reached skill level 15 in Armour
 27299 | Elf:2    | Noticed a Brimstone Fiend
 27304 | Desolati | Entered the Desolation of Salt
 28496 | Desolati | Received a gift from Okawaru
 28496 | Desolati | Reached XP level 17. HP: 158/160 MP: 18/18
 28516 | Desolati | Got an encrusted falchion {god gift}
 28517 | Desolati | Identified the +2 falchion of Doom {freeze, Str+8 Int-4}
                  | (Okawaru gifted it to you in the Desolation of Salt)
 28948 | Desolati | HP: 7/161 [ragged hierophant/+0 long sword (5)]
 29690 | Desolati | Received a gift from Okawaru
 29696 | Desolati | Got a crystal double sword {god gift}
 29697 | Desolati | Identified the +10 double sword "Liodyi Totz" {slice,
                  | *Noise *Corrode rC+++ Dex+2} (Okawaru gifted it to you in
                  | the Desolation of Salt)
 29943 | Desolati | Got a crystal hand crossbow
 29958 | Desolati | Identified the Compendium of the Dark Entourage
 30014 | Desolati | Identified the Tome of the Birds
 30743 | Desolati | Got a bound turquoise ring
 30745 | Desolati | Identified the ring "Gimofomyaff" {+Fly Str+6} (You found
                  | it in the Desolation of Salt)
 30747 | Desolati | Identified the Volume of Clay and Toxins
 30850 | Desolati | Got a bloodstained war axe
 30851 | Desolati | Identified the cursed +1 war axe "Leviticus" {venom, rElec
                  | MR- Int+3 Dex+7 Stlth+} (You found it in the Desolation of
                  | Salt)
 30854 | Desolati | Identified the +8 hand crossbow of the Nine Wonders {elec,
                  | rN+ MP-9 Dex+4} (You found it in the Desolation of Salt)
 31317 | Elf:2    | Found Wiluykuc's Antique Armour Boutique.
 31421 | Elf:2    | Bought a transparent cloak for 275 gold pieces
 31432 | Elf:2    | Identified the +0 cloak "Uppuuf" {-Tele Str-2 Dex+10 SInv}
                  | (You bought it in a shop on level 2 of the Elven Halls)
 31447 | Elf:2    | Got a fine falchion
 31448 | Elf:2    | Identified the +6 falchion of Defiance {speed, +Fly rPois
                  | rF+ Dex-2} (You found it on level 2 of the Elven Halls)
 31487 | Elf:2    | Identified the +8 large shield "Afemug" {rElec Int+2 Dex-3
                  | Stlth+}
 31487 | Elf:2    | Noticed Louise
 31506 | Elf:2    | Killed Louise
 31541 | Elf:2    | Found a runed translucent gate.
 31541 | Elf:2    | Found a runed translucent gate.
 31542 | Elf:2    | Found a runed translucent gate.
 31615 | Elf:2    | Reached skill level 1 in Evocations
 32475 | Elf:1    | Found Cukhun's One-of-a-Kind Books.
 32511 | Elf:1    | Found a portal to a secret trove of treasure.
 32594 | Elf:1    | Received a gift from Okawaru
 33063 | Elf:1    | Found a radiant altar of Vehumet.
 33109 | Elf:1    | Reached XP level 18. HP: 161/171 MP: 19/19
 33520 | Elf:2    | Noticed Jorgrun
 33550 | Elf:2    | Killed Jorgrun
 34037 | Elf:2    | Cast into level 3 of the Abyss (+2 lajatang of distortion)
 34063 | Elf:2    | Escaped the Abyss
 34065 | Elf:2    | Received a gift from Okawaru
 34437 | Elf:3    | Entered Level 3 of the Elven Halls
 34696 | Elf:3    | Noticed Bai Suzhen
 34708 | Elf:3    | Killed Bai Suzhen
 34708 | Elf:3    | Received a gift from Okawaru
 34711 | Elf:3    | Got a heavily runed cloak {god gift}
 34723 | Elf:3    | Identified the +1 cloak of a Labyrinth {Str+4} (Okawaru
                  | gifted it to you on level 3 of the Elven Halls)
 35169 | Elf:3    | Identified the cursed +0 short sword "Veass" {flame, Str+3}
 35457 | Elf:3    | Cast into level 2 of the Abyss (a deep elf demonologist)
 35532 | Abyss:2  | Got an iridescent long sword
 35678 | Elf:3    | Escaped the Abyss
 35701 | Elf:3    | Identified the cursed +1 long sword "Fiacadde" {flame,
                  | rElec} (You found it on level 2 of the Abyss)
 36038 | Elf:3    | Noticed a Hell Sentinel
 36052 | Elf:3    | Identified the ring "Ynuif" {Str+4 Int+4 Dex+4}
 36061 | Elf:3    | Noticed a Brimstone Fiend
 36063 | Elf:3    | Noticed an Ice Fiend
 36069 | Elf:3    | Identified the +10 falchion of Putrescence {venom, Str+3}
 36365 | Elf:3    | Reached XP level 19. HP: 140/181 MP: 20/20
 36572 | Elf:3    | Identified the cursed quicksilver dragon scales of
                  | Exclusion {+Fly MR+ Str+3 Int+2}
 36874 | Elf:3    | Identified the Tome of the Birds
 36880 | Elf:3    | Got a pair of blackened gloves
 36907 | Elf:3    | Identified the Reference Book on the Frostbite and the Oath
 36932 | Elf:3    | Identified the cursed +0 pair of gloves of the Gate
                  | {Regen+} (You found it on level 3 of the Elven Halls)
 37958 | Swamp:1  | Entered Level 1 of the Swamp
 37980 | Swamp:1  | Received a gift from Okawaru
 38075 | Swamp:1  | Found a transporter.
 38481 | Swamp:1  | Found a transporter.
 38820 | Swamp:1  | Cast into level 4 of the Abyss (the power of Zot)
 38895 | Abyss:4  | Noticed a bone dragon
 38904 | Abyss:4  | Killed a bone dragon
 39050 | Abyss:4  | Got an abyssal rune of Zot
 39067 | Abyss:4  | Noticed a profane servitor
 39108 | Swamp:1  | Escaped the Abyss
 39535 | Swamp:1  | Got a glittering ivory ring
 39546 | Swamp:1  | Got a faintly glowing pewter ring
 39551 | Swamp:1  | Identified the Disquisition on Orientation and Companions
 39555 | Swamp:1  | Identified the ring "Plog" {+Inv rN+ Stlth+} (You found it
                  | on level 1 of the Swamp)
 39556 | Swamp:1  | Identified the ring of Muys {+Fly rN+ Int-5 Dex+8} (You
                  | found it on level 1 of the Swamp)
 39672 | Swamp:2  | Noticed Frances
 39946 | Swamp:1  | Killed Frances
 40737 | Swamp:3  | Received a gift from Okawaru
 40809 | Swamp:3  | Paralysed by a hornet for 2 turns
 41225 | Swamp:3  | Identified Roxanne's Disquisition on Shape Shifting
 41225 | Swamp:3  | Noticed Roxanne
 41241 | Swamp:3  | Killed Roxanne
 41241 | Swamp:3  | Reached XP level 20. HP: 192/192 MP: 21/21
 41934 | Swamp:4  | Entered Level 4 of the Swamp
 42594 | Swamp:4  | Got a decaying rune of Zot
 44497 | Vaults:1 | Entered Level 1 of the Vaults
 44528 | Vaults:1 | Received a gift from Okawaru
 44529 | Vaults:1 | Found the +8 demon blade "Leech" {vamp, rN+ AC-3 EV-3}
 45112 | Vaults:1 | Received a gift from Okawaru
 45670 | Vaults:1 | Found Disaorunoe's Jewellery Emporium.
 46178 | Vaults:1 | Reached XP level 21. HP: 152/202 MP: 22/22
 46699 | Vaults:2 | Received a gift from Okawaru
 47051 | Vaults:2 | Found a runed translucent gate.
 47052 | Vaults:2 | Found a runed translucent gate.
 47052 | Vaults:2 | Found a runed translucent gate.
 47052 | Vaults:2 | Noticed mantisjm's ghost (veteran HOFi)
 47356 | Vaults:2 | Found a staircase to the Crypt.
 47356 | Vaults:2 | Found a basalt altar of Yredelemnul.
 47357 | Vaults:2 | Found an ancient bone altar of Kikubaaqudgha.
 47806 | Vaults:2 | Killed mantisjm's ghost
 48102 | Lair:1   | Reached skill level 1 in Throwing
 48102 | Lair:1   | Reached skill level 5 in Dodging
 48102 | Lair:1   | Reached skill level 1 in Unarmed Combat
 48102 | Lair:1   | Reached XP level 22. HP: 211/211 MP: 22/24
 48163 | Snake:1  | Entered Level 1 of the Snake Pit
 48336 | Snake:1  | Noticed Donald
 48345 | Snake:1  | Killed Donald
 48403 | Snake:1  | Found Buses's Gadget Shoppe.
 48404 | Snake:1  | Found Rekikhlu's Jewellery Shop.
 48404 | Snake:1  | Found Foklaec's Jewellery Shop.
 48427 | Snake:1  | Bought the amulet "Caxzag" {Acrobat rF+ Slay+5} for 975
                  | gold pieces
 49070 | Snake:2  | Received a gift from Okawaru
 49123 | Snake:2  | Identified a +0 pair of boots of running (Okawaru gifted it
                  | to you on level 2 of the Snake Pit)
 49186 | Snake:2  | Found an opulent altar of Gozag.
 50541 | Snake:4  | Entered Level 4 of the Snake Pit
 50548 | Snake:4  | Reached XP level 23. HP: 218/220 MP: 25/25
 51204 | Snake:4  | Reached skill level 27 in Shields
 51271 | Snake:4  | Received a gift from Okawaru
 51534 | Snake:4  | Got a serpentine rune of Zot
 52074 | Vaults:3 | Identified Sif Muna's Compendium of the Vanishing Runes
 52765 | Vaults:3 | Noticed Xtahua
 52786 | Vaults:3 | Killed Xtahua
 53311 | Vaults:4 | Received a gift from Okawaru
 54171 | Vaults:4 | Reached XP level 24. HP: 193/234 MP: 25/25
 54271 | Vaults:4 | Found Ciycar's Gadget Boutique.
 54446 | Vaults:5 | Entered Level 5 of the Vaults
 54526 | Vaults:4 | Received a gift from Okawaru
 55812 | Vaults:5 | Received a gift from Okawaru
 55815 | Vaults:5 | Got a distressingly furry plate armour {god gift}
 56094 | Vaults:4 | Identified the +6 plate armour of Mumblety Peg {rPois}
                  | (Okawaru gifted it to you on level 5 of the Vaults)
 57124 | Vaults:5 | Reached XP level 25. HP: 191/247 MP: 25/25
 57536 | Vaults:5 | Got a silver rune of Zot
 57539 | Vaults:5 | Got a jewelled cloak
 57575 | Vaults:5 | Identified the cursed +0 cloak "Xuscheck" {rF+ rC+ MP+9
                  | Str+4} (You found it on level 5 of the Vaults)
 58433 | Depths:1 | Entered Level 1 of the Depths
 58442 | Depths:1 | Received a gift from Okawaru
 58530 | Depths:1 | Found a one-way gate leading to the halls of Pandemonium.
 59025 | Elf:1    | You paid a toll of +2 fire dragon scales to enter a
                  | treasure trove
 59026 | Trove    | Entered a treasure trove
 59032 | Trove    | Got a shimmering large shield
 59034 | Trove    | Got a pair of warped gloves
 59036 | Trove    | Got polished fire dragon scales
 59057 | Trove    | Identified the +5 large shield "Ysuzaami" {Int+6 Dex+2}
                  | (You found it in a treasure trove)
 59089 | Trove    | Identified the +3 fire dragon scales of Ykhog {+Blink rF++
                  | rC- MR+} (You found it in a treasure trove)
 59109 | Trove    | Identified the +3 pair of gloves of Happiness {*Drain rPois
                  | MR++ rCorr} (You found it in a treasure trove)
 59930 | Depths:1 | Noticed Mara
 59940 | Depths:1 | Found a gateway to a ziggurat.
 59951 | Depths:1 | Killed Mara
 60040 | Depths:1 | Found Xiacyamm's Food Boutique.
 60052 | Depths:1 | Found a gateway to Hell.
 60405 | Depths:2 | You fall through a shaft for 2 floors!
 60443 | Depths:4 | Received a gift from Okawaru
 60986 | Depths:4 | Found a glowing golden altar of the Shining One.
 61265 | Depths:4 | Reached XP level 26. HP: 257/261 MP: 25/25
 61672 | Depths:4 | Found a one-way gate to the infinite horrors of the Abyss.
 62205 | Depths:3 | Received a gift from Okawaru
 62218 | Depths:3 | Got a dazzling scimitar {god gift}
 62276 | Depths:3 | Identified the +1 scimitar "Hisuzede" {flame, rC+ rN+
                  | Stlth+} (Okawaru gifted it to you on level 3 of the Depths)
 62481 | Depths:3 | Noticed a juggernaut
 62510 | Depths:3 | Found a runed translucent door.
 62904 | Depths:3 | Identified the ring "Qat Nigo" {Ice *Contam rElec Str+5}
 62944 | Depths:3 | Killed a juggernaut
 62963 | Depths:3 | Received a gift from Okawaru
 63062 | Depths:3 | Noticed a juggernaut
 63068 | Depths:3 | Paralysed by a floating eye for 4 turns
 63070 | Depths:3 | Noticed a juggernaut
 63078 | Depths:3 | Paralysed by a floating eye for 4 turns
 63084 | Depths:3 | Killed a juggernaut
 63084 | Depths:3 | Reached skill level 27 in Fighting
 63088 | Depths:3 | Killed a juggernaut
 63528 | Depths:3 | Identified the Grimoire of Protection and Toxins
 63585 | Depths:3 | Identified the cursed +1 great sword of Tauto {vamp, rN+
                  | Int+4}
 63595 | Depths:3 | Reached skill level 27 in Long Blades
 63814 | Depths:2 | Received a gift from Okawaru
 63856 | Depths:2 | Got a crude demon blade {god gift}
 63857 | Depths:2 | Identified the +3 demon blade "Pakkucin" {elec, rPois rF++
                  | Int-4 SInv} (Okawaru gifted it to you on level 2 of the
                  | Depths)
 63949 | Depths:2 | Got a slimy crystal plate armour
 63961 | Depths:2 | Identified the cursed +0 crystal plate armour of the Crypt
                  | {rCorr} (You found it on level 2 of the Depths)
 65402 | Elf:2    | Bought a jewelled chain mail for 275 gold pieces
 65412 | Elf:2    | Identified the +3 chain mail of Understanding {rPois} (You
                  | bought it in a shop on level 2 of the Elven Halls)
 66083 | Crypt:1  | Entered Level 1 of the Crypt
 66720 | Crypt:2  | Reached XP level 27. HP: 273/273 MP: 25/25
 67022 | Crypt:2  | Received a gift from Okawaru
 67065 | Crypt:2  | Got a pair of distressingly furry gloves {god gift}
 67076 | Crypt:2  | Identified the +4 pair of gloves of Idealism {Regen+ Dex+3}
                  | (Okawaru gifted it to you on level 2 of the Crypt)
 67704 | Crypt:3  | Entered Level 3 of the Crypt
 68394 | Crypt:3  | Noticed Boris
 68420 | Crypt:3  | Killed Boris
 68541 | Crypt:3  | Found a staircase to the Tomb.
 68859 | Crypt:3  | Noticed an ancient lich
 68863 | Crypt:3  | Noticed an ancient lich
 68881 | Crypt:3  | Killed an ancient lich
 68927 | Crypt:3  | Killed an ancient lich
 68940 | Crypt:3  | Identified the Almanac of the Boosting Birds
 68942 | Crypt:3  | Identified the Reference Book on Confrontation and Flight
 68957 | Crypt:3  | Got a twisted eveningstar
 68958 | Crypt:3  | Identified the +6 eveningstar "Aphoid" {pain, *Noise rElec
                  | rPois Int+3} (You found it on level 3 of the Crypt)
 69233 | Hell     | Entered the Vestibule of Hell
 69233 | Hell     | Noticed Geryon
 69244 | Hell     | Noticed Murray
 69248 | Hell     | Killed Geryon
 69248 | Hell     | Received a gift from Okawaru
 69558 | Hell     | Killed Murray
 70033 | Hell     | Found a gateway to the freezing wastes of Cocytus.
 70415 | Hell     | Found a gateway to the decaying netherworld of Tartarus.
 70473 | Hell     | Found a gateway to the ashen valley of Gehenna.
 70560 | Hell     | Found a gateway to the Iron City of Dis.
 71226 | Depths:5 | Entered Level 5 of the Depths
 71826 | Depths:5 | Found a gate to the Realm of Zot.
 72526 | Zot:1    | Entered Level 1 of the Realm of Zot
 72538 | Zot:1    | Reached skill level 27 in Armour
 72577 | Zot:1    | Reached skill level 5 in Invocations
 72642 | Zot:1    | Received a gift from Okawaru
 72670 | Zot:1    | Reached skill level 5 in Stealth
 72853 | Zot:1    | Reached skill level 5 in Evocations
 73728 | Zot:2    | Received a gift from Okawaru
 75108 | Zot:3    | Noticed an orb of fire
 75116 | Zot:3    | Killed an orb of fire
 75313 | Zot:3    | Received a gift from Okawaru
 75809 | Zot:3    | Found a runed translucent gate.
 75810 | Zot:3    | Found a runed translucent gate.
 75810 | Zot:3    | Found an opulent altar of Gozag.
 75811 | Zot:3    | Found a runed translucent gate.
 75813 | Zot:3    | Noticed coldbreeze's ghost (master CeGl)
 75815 | Zot:3    | Found Sommatie's Assorted Antiques.
 75875 | Zot:3    | Killed coldbreeze's ghost
 76005 | Zot:3    | Gained mutation: Your magical capacity is low. (-10% MP) [a
                  | neqoxec]
 76018 | Zot:3    | Bought a scroll of brand weapon for 820 gold pieces
 76018 | Zot:3    | Bought a scroll of blinking for 307 gold pieces
 76018 | Zot:3    | Bought a scroll of blinking for 307 gold pieces
 76174 | Zot:4    | Reached skill level 10 in Stealth
 76456 | Zot:4    | Reached skill level 10 in Evocations
 76984 | Zot:5    | Entered Level 5 of the Realm of Zot
 77360 | Zot:5    | Received a gift from Okawaru
 77468 | Zot:5    | Noticed an orb of fire
 77489 | Zot:5    | Killed an orb of fire
 77495 | Zot:5    | Reached skill level 10 in Invocations
 77496 | Zot:5    | Noticed an orb of fire
 77509 | Zot:5    | Killed an orb of fire
 77529 | Zot:5    | Noticed a juggernaut
 77529 | Zot:5    | a Killer Klown changed into a juggernaut
 77532 | Zot:5    | Killed a juggernaut
 77664 | Zot:5    | Received a gift from Okawaru
 77665 | Zot:5    | Found the +5 robe of Misfortune {*Contam Harm *Corrode
                  | *Drain *Slow EV+5}
 77913 | Zot:5    | Noticed an ancient lich
 77927 | Zot:5    | Killed an ancient lich
 77948 | Zot:5    | Noticed an orb of fire
 77965 | Zot:5    | Killed an orb of fire
 78090 | Zot:5    | Noticed an ancient lich
 78097 | Zot:5    | Killed an ancient lich
 78539 | Zot:5    | Received a gift from Okawaru
 78545 | Zot:5    | Got a pair of shimmering gloves {god gift}
 78556 | Zot:5    | Identified the +0 pair of gloves "Put-Me-On" {+Blink rPois
                  | Str+3} (Okawaru gifted it to you on level 5 of the Realm of
                  | Zot)
 78568 | Zot:5    | Found a runed translucent door.
 78569 | Zot:5    | Found a shimmering altar of Xom.
 78569 | Zot:5    | Identified the cursed +1 quarterstaff of the People {chaos,
                  | Str+3 Int+3 Dex-4}
 78569 | Zot:5    | Noticed Artagas's ghost (veteran DgWn)
 78904 | Zot:5    | Killed Artagas's ghost
 79279 | Depths:4 | Voluntarily entered the Abyss.
 79371 | Abyss:1  | Found a corrupted altar of Lugonu.
 80002 | Abyss:1  | Found a corrupted altar of Lugonu.
 80361 | Abyss:1  | Found a stormy altar of Qazlal.
 80509 | Abyss:2  | Found an ornate altar of the Wu Jian Council.
 80952 | Abyss:2  | Reached skill level 15 in Stealth
 81186 | Abyss:2  | Paralysed by accursed screaming for 1 turns
 81194 | Abyss:2  | Received a gift from Okawaru
 81502 | Abyss:2  | Received a gift from Okawaru
 81709 | Abyss:2  | Got a warped demon blade
 81710 | Abyss:2  | Identified the +7 demon blade "Bocw" {elec, Dex+6} (You
                  | found it on level 2 of the Abyss)
 81828 | Abyss:2  | Found a corrupted altar of Lugonu.
 82455 | Abyss:3  | Gained mutation: You are clumsy. (Dex -2) [a neqoxec]
 82783 | Abyss:3  | Received a gift from Okawaru
 82899 | Abyss:3  | Reached skill level 5 in Unarmed Combat
 82909 | Abyss:3  | Gained mutation: Armour fits poorly on your strangely
                  | shaped body. [a cacodemon]
 83440 | Abyss:3  | Paralysed by accursed screaming for 1 turns
 83621 | Abyss:3  | HP: 9/273 [starcursed mass/accursed screaming (11)]
 83624 | Abyss:3  | Killed from afar by a starcursed mass

Skill      XL: |  1  2  3  4  5  6  7  8  9 10 11 12 13 14 15 16 17 18 19 20 21 22 23 24 25 26 27 |
---------------+----------------------------------------------------------------------------------+-----
Fighting       | 4 5 6 7 8 10 11 13 14 15 16 17 18 19 20 21 22 24 26 27 | 27.0
Armour         | 4 5 6 7 8 9 10 11 12 13 14 15 16 17 18 19 20 21 23 27 | 27.0
Shields        | 4 5 6 7 8 10 12 13 14 15 16 18 20 21 22 23 25 26 27 | 27.0
Long Blades    | 3 4 6 8 9 11 13 14 15 16 17 18 19 20 21 22 24 25 27 | 27.0
Dodging        | 1 2 3 4 5 |  5.0
Invocations    | 2 3 4 12 | 12.8
Stealth        | 1 2 16 | 16.9
Evocations     | 1 14 | 14.9
Throwing       | 1 |  1.0
Unarmed Combat | 1 7 |  7.4
Spellcasting   | |  0.5

Action                   |  1- 3 |  4- 6 |  7- 9 | 10-12 | 13-15 | 16-18 | 19-21 | 22-24 | 25-27 || total
-------------------------+-------+-------+-------+-------+-------+-------+-------+-------+-------++-------
Melee: Long sword        |    70 |   153 |   356 |   803 |       |       |       |       |       ||  1382
       Headbutt          |    13 |    30 |    77 |   235 |   299 |   363 |   410 |   366 |  1101 ||  2894
       Demon blade       |       |       |       |    23 |   982 |   539 |       |       |       ||  1544
       Double sword      |       |       |       |       |    61 |   477 |  1118 |  1072 |  3043 ||  5771
       Falchion          |       |       |       |       |       |   129 |       |       |       ||   129
       Unarmed           |       |       |       |       |       |       |       |       |     8 ||     8
Invok: Heroism           |       |       |     3 |     9 |     9 |     9 |     4 |     2 |     2 ||    38
       Finesse           |       |       |       |     1 |       |     1 |     2 |       |       ||     4
Evoke: Wand              |       |       |       |       |       |     3 |     3 |       |     2 ||     8
  Use: Scroll            |       |     5 |     7 |    12 |    12 |    14 |    10 |     5 |    11 ||    76
       Potion            |       |       |     1 |     3 |     1 |    17 |    16 |       |     4 ||    42
 Stab: Distracted        |       |       |       |       |     1 |       |       |       |       ||     1
       Confused          |       |       |       |       |       |       |     3 |       |       ||     3
       Petrifying        |       |       |       |       |       |       |       |       |     1 ||     1
       Petrified         |       |       |       |       |       |       |       |       |     1 ||     1
  Eat: Chunk             |       |     7 |    10 |    26 |    22 |    26 |    22 |    23 |    47 ||   183
       Ration            |       |       |     1 |     1 |     2 |     4 |     5 |     1 |    11 ||    25
Armor: Scale mail        |    47 |    72 |       |       |       |       |       |       |       ||   119
       Chain mail        |       |       |    96 |     9 |    93 |       |       |       |       ||   198
       Plate armour      |       |       |       |   157 |   140 |       |       |       |       ||   297
       Crystal plate arm |       |       |       |       |   170 |   390 |   471 |   328 |   786 ||  2145
Dodge: Dodged            |    22 |    55 |    85 |   147 |   312 |   251 |   291 |   330 |   772 ||  2265
Block: Shield            |    49 |    88 |   289 |   607 |   826 |  1104 |    32 |       |       ||  2995
       Reflection        |       |       |    13 |    38 |       |    90 |   123 |   207 |   167 ||   638
       Large shield      |       |       |       |       |       |       |  1777 |  1733 |  3889 ||  7399
       Rpst.: Long sword |     5 |    12 |    23 |    25 |       |       |       |       |       ||    65
       Demon blade       |       |       |       |       |    60 |    36 |       |       |       ||    96
       Double sword      |       |       |       |       |     5 |    16 |    48 |    42 |   100 ||   211
       Falchion          |       |       |       |       |       |     2 |       |       |       ||     2
